 Dungeon Crawl Stone Soup version 0.27-a0-1555-g0e7b3fb1d2 (webtiles) character file.

Game seed: 12823510926017031877

4773 Pooter the Cleaver (level 10, -2/90 (91) HPs)
             Began as a Minotaur Berserker on July 14, 2021.
             Was a Priest of Trog.
             Slain by Harold (23 damage)
             ... on level 8 of the Dungeon.
             The game lasted 00:50:40 (9564 turns).

Pooter the Cleaver (Minotaur Berserker)             Turns: 9564, Time: 00:50:41

HP:   -2/90 (91)    AC: 12    Str: 31    XL:     10   Next: 23%
MP:   9/9           EV:  4    Int:  5    God:    Trog [***...]
Gold: 352           SH:  0    Dex:  9    Spells: 9/9 levels left

rFire    . . .     SeeInvis .   L - +4 hand axe
rCold    . . .     Faith    .   (no shield)
rNeg     . . .     Spirit   .   c - +1 plate armour
rPois    .         Reflect  +   B - +0 hat
rElec    .         Harm     .   (no cloak)
rCorr    .         Rampage  .   (no gloves)
Will     +....                  (no boots)
Stlth    ..........             v - amulet of reflection
HPRegen  0.25/turn              F - +6 ring of strength
MPRegen  0.11/turn              o - ring of willpower

@: marked, on berserk cooldown, held, slowed, lightly drained, very slow
A: horns 2, retaliatory headbutt
a: Renounce Religion, Berserk, Trog's Hand


You were on level 8 of the Dungeon.
You worshipped Trog.
Trog was most pleased with you.
You visited 1 branch of the dungeon, and saw 8 of its levels.
You also visited: Sewer.

You collected 352 gold pieces.

Inventory:

Hand Weapons
 a - a +2 war axe
   (You took it off an orc priest on level 7 of the Dungeon)
 d - a +1 vorpal hand axe
   (You took it off an orc warrior on level 7 of the Dungeon)
 L - a +4 hand axe (weapon)
   (You took it off a wight on level 7 of the Dungeon)
Missiles
 b - 21 poisoned darts (quivered)
 h - 80 sling bullets
 r - 4 boomerangs
 u - 4 javelins
 I - 309 stones
 J - a throwing net {!f}
 M - 3 silver boomerangs
 Q - 61 arrows
Armour
 c - a +1 plate armour (worn)
   (You found it on level 1 of the Dungeon)
 j - a +0 troll leather armour
   (You found it on level 7 of the Dungeon)
 A - the +0 plate armour of Morality {Contam rPois Regen+ MP+9}
   (You found it on level 5 of the Dungeon)

   rPois:     It protects you from poison.
   MP:        It affects your magic capacity (+9).
   Contam:    It causes magical contamination when unequipped.
   Regen:     It increases your rate of health regeneration.
 B - a +0 hat (worn)
   (You found it in a sewer)
Jewellery
 k - a ring of flight
   (You found it on level 2 of the Dungeon)
 o - a ring of willpower (right hand)
   (You found it on level 3 of the Dungeon)
 v - an amulet of reflection (around neck)
   (You found it on level 6 of the Dungeon)
 C - a ring of resist corrosion
   (You took it off an orc on level 6 of the Dungeon)
 F - a +6 ring of strength (left hand)
   (You found it on level 6 of the Dungeon)
Wands
 f - a wand of flame (11)
   (You took it off an orc wizard on level 4 of the Dungeon)
 E - a wand of polymorph (6)
   (You found it on level 6 of the Dungeon)
Scrolls
 g - a scroll of enchant armour
 i - a scroll of summoning {unknown}
 l - a scroll of acquirement {unknown}
 n - 3 scrolls of fear
 t - 4 scrolls of teleportation {@r4}
 w - a scroll of fog
 y - a scroll of immolation {!r}
 D - a scroll of holy word
 G - a scroll of torment {unknown}
Potions
 e - 9 potions of flight
 m - 2 potions of attraction {unknown}
 p - 2 potions of brilliance {unknown}
 q - 2 potions of lignification {!q}
 s - a potion of berserk rage {unknown}
 z - a potion of heal wounds {unknown}
 H - a potion of mutation {!q}
 K - a potion of haste {unknown}


   Skills:
 + Level 9.1 Fighting
 * Level 12.2 Axes
 + Level 6.2 Throwing
 - Level 2.4 Armour
 - Level 2.1 Dodging
 + Level 5.4 Evocations


You had 9 spell levels left.
You didn't know any spells.
Your spell library was empty.

Dungeon Overview and Level Annotations

Branches:
Dungeon (8/15)             Temple (0/1) D:6           Sewer (visited)
   Lair: D:8-11

Altars:
Ashenzari
Cheibriados
Dithmenos
Elyvilon
Fedhas
Gozag
Makhleb
Qazlal
Ru

Annotations:
D:3 2 runed translucent doors, Phlounder's ghost, novice DjAE
D:8 Harold


Innate Abilities, Weirdness & Mutations

You have a pair of horns on your head.
You reflexively headbutt those who attack you in melee.


Message History

An orc comes into view. It is wielding a +0 club.
An orc priest comes into view.
It is wielding a +1 dagger of protection.
An orc wizard comes into view. It is wielding a +0 dagger.
A wight comes into view. It is wielding a +0 halberd.
Harold fires a harpoon shot at you. The harpoon shot hits you.
You are yanked forward by the harpoon shot.
The orc priest looks braver for a moment.
Harold hits you with a +2 glaive of venom!
You are poisoned.
You feel extremely sick.
An orc wizard comes into view.
It is wielding a +0 dagger of electrocution.
Harold hits you from afar with a +2 glaive of venom!
* * * LOW HITPOINT WARNING * * *
You are more poisoned.
The orc wizard mumbles some strange words.
The orc wizard flickers and vanishes!
Deactivating autopickup; reactivate with Ctrl-A.
An orc comes into view. It is wielding a +0 whip.
The orc wizard casts a spell.
The orc wizard flickers and vanishes!
An orc comes into view. It is wielding a +0 whip.
* * * LOW HITPOINT WARNING * * *
You feel extremely sick.
Harold throws a throwing net.
The throwing net hits you.
You become entangled in the net!
A yak comes into view.
The wight barely misses you. You furiously retaliate!
You headbutt the wight, but do no damage.
A yak comes into view.
There is a stone staircase leading up, spattered with blood here.
You see here a throwing net {!f}.
It was a potion of curing.
You feel better. The wight hits you with a +3 dagger.
* * * LOW HITPOINT WARNING * * *
You feel drained.
* * * LOW HITPOINT WARNING * * *
A wight comes into view. It is wielding a +4 great sword.
A wight comes into view. It is wielding a +3 falchion.
Harold hits you from afar with a +2 glaive of venom!!
* * * LOW HITPOINT WARNING * * *
You are lethally poisoned!
The wight hits you with a +3 dagger.
* * * LOW HITPOINT WARNING * * *
You feel better. Harold barely misses you. The wight barely misses you.
You furiously retaliate!
You headbutt the wight.
A yak comes into view.
The orc priest barely misses you.
Harold hits you from afar with a +2 glaive of venom!!
You die...

..##... .....
.....#(.Y...o.#..
......(......(..# .
.|(....(....z$..###..
.......YY##.z.......
##................#
........oo.z......#..
#.....!{zo.$.......#
#.....@o@).<......#
....#.....#........<.
. #................
#..#...##.#......
#..###....##.....
#... #....# #....
#... .#### .... ....
.# ...


You could see Harold, 3 yaks, 4 wights, 2 orc priests and 2 orcs.

Vanquished Creatures
  A troll (D:7)
  Grinder (D:3)
  A wraith (D:7)
  Grum (D:8)
  5 orc warriors
  An ice beast (D:5)
  A black bear (D:5)
  7 ogres
  A necrophage (D:6)
  4 sky beasts
  A hornet zombie (D:7)
  4 wolves
  3 centaurs (D:7)
  A phantom (D:7)
  A gnoll sergeant (D:7)
  A water moccasin zombie (D:6)
  3 scorpions (D:6)
  A water moccasin skeleton (D:7)
  A wyvern skeleton (D:5)
  3 wights (D:7)
  A bullfrog zombie (D:5)
  4 hounds
  2 bullfrog skeletons
  3 gnoll shamans (D:7)
  6 orc priests
  Jessica (D:3)
  6 orc wizards
  A scorpion zombie (D:5)
  2 iguanas
  2 hound skeletons (D:4)
  16 gnolls
  A howler monkey skeleton (D:6)
  7 adders
  A white imp (D:5)
  An ufetubus (D:5)
  8 worms
  2 dart slugs
  18 orcs
  10 bats
  12 endoplasms
  9 giant cockroaches
  6 goblins
  5 hobgoblins
  15 jackals
  6 kobolds
  2 quokkas
  9 ball pythons
  3 frilled lizards
  8 rats
209 creatures vanquished.

Vanquished Creatures (others)
  6 fungi (D:7)
  18 plants
24 creatures vanquished.

Grand Total: 233 creatures vanquished

Notes
Turn   | Place    | Note
-------+----------+-------------------------------------------
     0 | D:1      | Pooter the Minotaur Berserker began the quest for the Orb.
     0 | D:1      | Reached XP level 1. HP: 19/19 MP: 0/0
   373 | D:1      | Reached skill level 4 in Axes
   432 | D:1      | Reached XP level 2. HP: 27/27 MP: 1/1
  1222 | D:2      | Reached XP level 3. HP: 27/33 MP: 2/2
  1450 | D:2      | Reached skill level 5 in Axes
  1924 | D:2      | Reached ** piety under Trog
  2041 | D:2      | Found a faded altar of an unknown god.
  2076 | D:2      | Reached XP level 4. HP: 40/41 MP: 3/3
  2351 | D:3      | Found a runed translucent door.
  2355 | D:3      | Noticed Phlounder's ghost (novice DjAE)
  2449 | D:3      | Found a runed translucent door.
  2618 | D:3      | Found a blossoming altar of Fedhas.
  2635 | D:3      | Noticed Jessica
  2645 | D:3      | Killed Jessica
  2670 | D:3      | Reached skill level 6 in Axes
  2670 | D:3      | Reached XP level 5. HP: 41/47 MP: 4/4
  2684 | D:3      | Found a snail-covered altar of Cheibriados.
  2940 | D:3      | Noticed Grinder
  2943 | D:3      | Found a broken altar of Ashenzari.
  2943 | D:3      | Found a burning altar of Makhleb.
  2947 | D:3      | Found a shadowy altar of Dithmenos.
  2958 | D:3      | Killed Grinder
  2959 | D:3      | Reached skill level 5 in Fighting
  2959 | D:3      | Reached skill level 7 in Axes
  2959 | D:3      | Reached skill level 1 in Throwing
  2959 | D:3      | Reached XP level 6. HP: 56/56 MP: 5/5
  2961 | D:3      | Found a sacrificial altar of Ru.
  3141 | D:4      | Found an opulent altar of Gozag.
  3774 | D:5      | Entered Level 5 of the Dungeon
  3803 | D:5      | Reached skill level 1 in Evocations
  3835 | D:5      | Reached XP level 7. HP: 59/62 MP: 6/6
  4062 | D:5      | Reached skill level 8 in Axes
  4392 | D:5      | Identified the +0 plate armour of Morality {Contam rPois
                  | Regen+ MP+9}
  4432 | D:5      | Found a glowing drain.
  4442 | Sewer    | Entered a sewer
  4449 | Sewer    | Reached *** piety under Trog
  5145 | Sewer    | Upgraded the game from 0.27-a0-1548-gf8a67e7463 to
                  | 0.27-a0-1555-g0e7b3fb1d2
  5280 | D:5      | Reached XP level 8. HP: 65/71 MP: 7/7
  5303 | D:5      | Reached skill level 9 in Axes
  6793 | D:6      | Reached skill level 10 in Axes
  7286 | D:6      | Found a staircase to the Ecumenical Temple.
  7335 | D:6      | Reached XP level 9. HP: 80/80 MP: 8/8
  7336 | D:6      | Found a stormy altar of Qazlal.
  7836 | D:7      | Reached skill level 5 in Throwing
  8083 | D:7      | Reached skill level 11 in Axes
  8233 | D:7      | Found a white marble altar of Elyvilon.
  8431 | D:7      | Reached skill level 5 in Evocations
  8649 | D:7      | Reached XP level 10. HP: 90/90 MP: 9/9
  9186 | D:8      | Noticed Grum
  9187 | D:8      | Noticed Harold
  9239 | D:7      | Reached skill level 12 in Axes
  9558 | D:8      | Killed Grum
  9564 | D:8      | Slain by Harold

Illustrated notes

Levels and vault maps discovered:
D:1:      matt_arrival_refuge, layout_basic, serial_bayou_lagoon_b
D:2:      layout_basic, hellmonk_ecumenical_altar_pennies_from_heaven
D:3:      layout_basic, mainiacjoe_overflow_brackets, fedhas_ov_isle_minmay,
          grunt_temple_overflow_open, ebering_ghost_sewer_f,
          corexii_corridor_pit, uniq_jessica, uniq_grinder
D:4:      layout_loops_ring, grunt_gozag_statues
D:5:      layout_loops_ring, portal_sewer_entry_e
D:6:      layout_basic, kennysheep_little_box, minmay_temple_entry_nine_rooms
D:7:      kennysheep_seaside_town, layout_basic, elyvilon_altar_3,
          hangedman_decor_diamond_cutter
D:8:      layout_cave_pools, uniq_grum, uniq_harold

Skill      XL: |  1  2  3  4  5  6  7  8  9 10 |
---------------+-------------------------------+-----
Axes           | 4 5 6 7 8 10 11 12 | 12.2
Fighting       | 4 5 6 7 8 9 |  9.1
Throwing       | 1 2 3 4 5 6 |  6.2
Evocations     | 1 2 3 5 |  5.4
Armour         | |  2.4
Dodging        | |  2.1

Action                   |  1- 3 |  4- 6 |  7- 9 | 10-12 || total
-------------------------+-------+-------+-------+-------++-------
Melee: Hand axe          |    87 |    98 |   325 |    34 ||   544
       Headbutt          |    19 |    19 |    53 |     9 ||   100
Throw: Stone             |    23 |     2 |    53 |       ||    78
       Javelin           |       |     3 |     8 |       ||    11
       Boomerang         |       |    10 |       |       ||    10
       Dart              |       |     1 |    13 |    11 ||    25
Invok: Berserk           |     1 |       |     9 |     2 ||    12
       Trog's Hand       |       |     5 |    11 |     1 ||    17
Evoke: Wand              |       |     3 |    16 |       ||    19
  Use: Scroll            |       |     3 |     7 |       ||    10
       Potion            |       |       |     1 |     2 ||     3
Armor: Plate armour      |    37 |    58 |   151 |     7 ||   253
       Skin              |       |       |    18 |       ||    18
Dodge: Dodged            |    20 |    30 |   102 |    14 ||   166
Block: Other             |       |       |    31 |     5 ||    36
       Reflection        |       |       |     1 |       ||     1

Table legend: (Time is in decaauts)
 A = Elapsed time spent in this place.
 B = Non-inter-level travel time spent in this place.
 C = Inter-level travel time spent in this place.
 D = Time resting spent in this place.
 E = Time spent auto-exploring this place.
 F = Levels seen in this place.
 G = Mean time per level.
                   A        B        C        D        E       F      G
               +--------+--------+--------+--------+--------+-----+--------+
         Total |   9655 |   9307 |    348 |   2105 |   5502 |   9 | 1072.8 |
       Dungeon |   8939 |   8591 |    348 |   1851 |   5213 |   8 | 1117.4 |
         Sewer |    716 |    716 |      0 |    253 |    289 |   1 |  716.0 |
               +--------+--------+--------+--------+--------+-----+--------+

Top non-repeatable levels by time:
     D:7: 1851 daAuts
     D:5: 1693 daAuts
     D:6: 1492 daAuts
     D:1: 1245 daAuts
     D:2: 1061 daAuts
     D:3: 843 daAuts
     D:4: 720 daAuts
   Sewer: 716 daAuts
     D:8: 31 daAuts
